 Dungeon Crawl Stone Soup version 0.16.1-30-g34a7ffa (webtiles) character file.

25 Sirial the Ruffian (level 2, 0/23 HPs)
             Began as a Draconian Transmuter on June 29, 2015.
             Slain by an ice beast (10 damage)
             ... on level 1 of the Dungeon.
             The game lasted 00:03:43 (1090 turns).

Sirial the Ruffian (Draconian Transmuter)           Turns: 1090, Time: 00:03:44

Health: 0/23       AC:  4    Str: 12    XL:     2   Next: 82%
Magic:  3/4        EV: 12    Int: 13    God:
Gold:   18         SH:  0    Dex: 11    Spells: 2 memorised, 2 levels left

rFire  . . .     SeeInvis .       - Unarmed
rCold  . . .     Clarity  .     (armour unavailable)
rNeg   . . .     SustAb   .     (no shield)
rPois  .         Gourm    .     (helmet restricted)
rElec  .         Spirit   .     (no cloak)
rCorr  .         Warding  .     (no gloves)
rMut   .         Stasis   .     (boots unavailable)
MR     .....                    (no amulet)
Stlth  +.........               (no ring)
                                (no ring)

@: appendage, slowed, very slow, not resistant to hostile enchantments, very
unstealthy
A: unfitting armour, talons 3, cold-blooded, AC +4
a: End Transformation


You were on level 1 of the Dungeon.
You were not hungry.
You had grown temporary talons.
You visited 1 branch of the dungeon, and saw 1 of its levels.

You collected 18 gold pieces.

Inventory:

Missiles
 b - 26 arrows
Armour
 e - a +2 robe of magic resistance
Scrolls
 c - a scroll of teleportation
Books
 d - a book of Changes

   Spells                             Type                      Level
   a - Beastly Appendage              Transmutation                1
   b - Sticks to Snakes               Transmutation                2
   c - Spider Form                    Transmutation/Poison         3
   d - Ice Form                       Ice/Transmutation            4
   e - Blade Hands                    Transmutation                5
Comestibles
 a - a bread ration


   Skills:
 + Level 1.2 Fighting
 + Level 2.2 Dodging
 + Level 3.4 Unarmed Combat
 + Level 2.2 Spellcasting
 + Level 2.1 Transmutations


You had 2 spell levels left.
You knew the following spells:

 Your Spells              Type           Power        Failure   Level  Hunger
a - Beastly Appendage     Trmt           #.....       12%         1    ##.....
b - Sticks to Snakes      Trmt           #.........   17%         2    ###....


Dungeon Overview and Level Annotations

Branches:
Dungeon (1/15)

Altars:


Innate Abilities, Weirdness & Mutations

Your plain brown scales are hard (AC +4).
Your body does not fit into most forms of armour.
Your cold-blooded metabolism reacts poorly to cold.
You have claws for feet.


Message History

The ice beast barely misses you.
You hit the ice beast.
The ice beast is lightly wounded.
The ice beast hits you. The ice beast freezes you!
You closely miss the ice beast.
You claw the ice beast, but do no damage.
Your tail-slap misses the ice beast.
The ice beast is lightly wounded.
The ice beast closely misses you.
You hit the ice beast.
You claw the ice beast, but do no damage.
The ice beast is moderately wounded.
The ice beast hits you but does no damage.
You barely miss the ice beast.
The ice beast is moderately wounded.
The ice beast hits you but does no damage.
You closely miss the ice beast. Your kick misses the ice beast.
The ice beast is moderately wounded.
The ice beast hits you. The ice beast freezes you!
You feel yourself slow down.
You die...

#.....# #......#># #.....#
#......#.# #.....#
#......#.############ #.....#
#......#............#
###.########......############.#
#.#.............# #.# #
#.#.######>....## #.# # #.#.#
####Y######### #.# # #.#.#
#@........# #.# # #.#.#
#########.# #.# # #.#.# #.# #.#
# #.#.############### #.# #.# #
#.#.............(.. #.# #.# #
#.###################.# #.#
####...................#.# #.#
.............#########.#.# #.#
.......##....# #...# #.#


You could see an ice beast.

Vanquished Creatures
  An ooze (D:1)
  4 bats (D:1)
  A giant cockroach (D:1)
  4 hobgoblins (D:1)
  2 jackals (D:1)
  2 kobolds (D:1)
  4 giant newts (D:1)
  2 goblins (D:1)
  2 rats (D:1)
22 creatures vanquished.

Notes
Turn   | Place    | Note
--------------------------------------------------------------
     0 | D:1      | Sirial, the Draconian Transmuter, began the quest for the Orb.
     0 | D:1      | Reached XP level 1. HP: 16/16 MP: 3/3
   213 | D:1      | Reached XP level 2. HP: 5/23 MP: 4/4
   225 | D:1      | Learned a level 2 spell: Sticks to Snakes
  1080 | D:1      | Noticed an ice beast
  1090 | D:1      | Slain by an ice beast

Action                   || total
-------------------------++-------
Melee: Unarmed           ||    90
 Cast: Beastly Appendage ||    15
  Use: Scroll            ||     2
  Eat: Pizza             ||     1
